 Dungeon Crawl Stone Soup version 0.21.1-1-g345015f (webtiles) character file.

4 tidbits the Insei (level 1, -5/17 HPs)
             Began as a Gnoll Transmuter on Mar 23, 2018.
             Killed by nerve-wracking pain
             ... invoked by Jessica
              (14 damage)
             ... on level 2 of the Dungeon.
             The game lasted 00:01:16 (108 turns).

tidbits the Insei (Gnoll Transmuter)                 Turns: 108, Time: 00:01:18

Health: -5/17      AC:  2    Str: 12    XL:     1   Next: 70%
Magic:  5/6        EV: 14    Int: 15    God:
Gold:   43         SH:  0    Dex: 15    Spells: 8/9 levels left

rFire    . . .     SeeInvis .     - Unarmed
rCold    . . .     Gourm    .   (no shield)
rNeg     . . .     Faith    .   b - +0 robe
rPois    .         Spirit   .   (no helmet)
rElec    .         Reflect  .   (no cloak)
rCorr    .         Harm     .   (no gloves)
MR       .....                  (boots currently unavailable)
Stlth    +.........             (no amulet)
HPRegen  0.05/turn              (no ring)
MPRegen  0.10/turn              (no ring)

@: appendage
A: distributed training, fangs 1, talons 3, strong nose
a: End Transformation


You were on level 2 of the Dungeon.
You were not hungry.
You had grown temporary talons.
You visited 1 branch of the dungeon, and saw 2 of its levels.

You collected 43 gold pieces.

Inventory:

Missiles
 a - 54 arrows
 e - a stone (quivered)
Armour
 b - a +0 robe (worn)
Books
 c - a book of Changes

   Spells                             Type                      Level
   a - Beastly Appendage              Transmutation                1
   b - Sticks to Snakes               Transmutation                2
   c - Spider Form                    Transmutation/Poison         3
   d - Ice Form                       Ice/Transmutation            4
   e - Blade Hands                    Transmutation                5
Comestibles
 d - 2 rations


   Skills:
 + Level 2.4 Fighting
 + Level 0.1 Short Blades
 + Level 0.1 Long Blades
 + Level 0.1 Axes
 + Level 0.1 Maces & Flails
 + Level 0.1 Polearms
 + Level 0.1 Staves
 + Level 0.1 Slings
 + Level 0.1 Bows
 + Level 0.1 Crossbows
 + Level 0.1 Throwing
 + Level 0.1 Armour
 + Level 4.4 Dodging
 + Level 0.1 Stealth
 + Level 0.1 Shields
 + Level 6.4 Unarmed Combat
 + Level 4.9 Spellcasting
 + Level 0.1 Conjurations
 + Level 0.1 Hexes
 + Level 0.1 Charms
 + Level 0.1 Summonings
 + Level 0.1 Necromancy
 + Level 0.1 Translocations
 + Level 3.6 Transmutations
 + Level 0.1 Fire Magic
 + Level 0.1 Ice Magic
 + Level 0.1 Air Magic
 + Level 0.1 Earth Magic
 + Level 0.1 Poison Magic
 + Level 0.2 Invocations
 + Level 0.1 Evocations


You had 8 spell levels left.
You knew the following spells:

 Your Spells              Type           Power        Failure   Level  Hunger
e - Beastly Appendage     Tmut           ##....       3%          1    None


Dungeon Overview and Level Annotations

Branches:
Dungeon (2/15)

Altars:

Annotations:
D:2 Jessica


Innate Abilities, Weirdness & Mutations

Your experience applies equally to all skills.
You have very sharp teeth.
Your uncanny sense of smell can sniff out nearby items.
You have claws for feet.


Message History

Found a staircase leading out of the dungeon.
You see here 23 arrows.
a - 35 arrows (gained 23)
You open the door.
There is an open door here.
Found 15 gold pieces.
You see here 15 gold pieces.
You now have 15 gold pieces.
A rat comes into view.
Casting: Beastly Appendage
Confirm with . or Enter, or press ? or * to list all spells.
Your feet morph into talons.
The helpless rat fails to defend itself.
You hit the rat.
You kill the rat!
A hobgoblin comes into view.
Found a short sword.
A bat comes into view.
You hit the hobgoblin. Your bite misses the hobgoblin.
The hobgoblin is moderately wounded.
You hit the hobgoblin.
You kill the hobgoblin!
A frilled lizard and a kobold come into view.
You hit the kobold.
You kill the kobold!
Found a stone staircase leading down.
Things that are here:
a short sword; a stone; a kobold corpse The frilled lizard hisses angrily.
Your transformation is almost over.
You closely miss the frilled lizard.
You claw the frilled lizard, but do no damage.
Your bite misses the frilled lizard.
The frilled lizard bites you but does no damage.
You hit the frilled lizard but do no damage.
The frilled lizard barely misses you.
You miss the frilled lizard. Your kick misses the frilled lizard.
The frilled lizard barely misses you.
You hit the frilled lizard.
You kill the frilled lizard!
A rat comes into view.
The rat moves out of view.
Casting: Beastly Appendage
Confirm with . or Enter, or press ? or * to list all spells.
You extend your transformation's duration.
A kobold comes into view. It is wielding a whip.
The kobold shouts!
The kobold throws a stone.
The stone misses you.
Found 12 gold pieces and a stone.
Found a stone staircase leading down.
The kobold throws a stone.
The stone barely misses you.
Found 18 sling bullets and 10 stones.
Unknown command.
The kobold barely misses you.
Unknown command.
You closely miss the kobold. You completely miss the kobold.
You kill the kobold!
You closely miss the rat. The rat bites you.
You hit the rat.
You kill the rat!
Things that are here:
a whip; a stone; a rat corpse
Found a spear and 16 gold pieces.
Unknown command.
Your transformation is almost over.
There is a stone staircase leading down here.
You see here 12 gold pieces.
You now have 27 gold pieces (gained 12).
You see here a stone.
e - a stone You see here 16 gold pieces.
You now have 43 gold pieces (gained 16).
Your talons disappear.
Found 19 arrows.
Found a ration.
Found a robe.
Found 21 bolts.
You see here 19 arrows.
a - 54 arrows (gained 19)
You see here a ration.
d - 2 rations (gained 1)
There is a stone staircase leading down here.
You climb downwards.
Jessica the Apprentice Sorceress comes into view.
She is wielding a dagger of holy wrath.
Found a robe.
There is a stone staircase leading up here.
Unknown command.
Casting: Beastly Appendage
Confirm with . or Enter, or press ? or * to list all spells.
Your feet morph into talons.
Jessica shouts!
You aren't carrying any potions.
Unknown command.
Jessica gestures at you while chanting. Pain shoots through your body!
Jessica casts a spell at you. Pain shoots through your body!
Ouch! That really hurt!
You die...

#######.#
#.......#
.#.......#
........# ∆
#@......#
#.......#
#.......#
#@......#
#..[....##.
###........
#<#######
#.# #.# #.#
#.# #.#


You could see Jessica.

Vanquished Creatures
  A hobgoblin (D:1)
  A frilled lizard (D:1)
  2 kobolds (D:1)
  2 rats (D:1)
6 creatures vanquished.

Notes
Turn   | Place    | Note
-------+----------+-------------------------------------------
     0 | D:1      | tidbits the Gnoll Transmuter began the quest for the Orb.
     0 | D:1      | Reached XP level 1. HP: 17/17 MP: 6/6
   104 | D:2      | Noticed Jessica
   108 | D:2      | Killed from afar by Jessica

Action                   || total
-------------------------++-------
Melee: Unarmed           ||    12
       Kick              ||     2
 Cast: Beastly Appendage ||     3
 Stab: Sleeping          ||     1
Armor: Robe              ||     1
Dodge: Dodged            ||     5

Table legend:
 A = Turns spent in this place as a percentage of turns spent in the entire game.
 B = Non-inter-level travel turns spent in this place as a percentage of non-inter-level travel turns spent in the entire game.
 C = Inter-level travel turns spent in this place as a percentage of turns spent in this place.
 D = Turns resting spent in this place as a percentage of non-inter-level travel turns spent in this place.
 E = Turns spent auto-exploring this place as a percentage of non-inter-level travel turns spent in this place.
 F = Non-inter-level travel turns spent in this place divided by the number of levels of this place that you've seen.
                   A       B       C       D       E      F
               +-------+-------+-------+-------+-------+----------------------
         Total | 100.0 | 100.0 |   0.0 |   0.0 |   0.0 |  54.0
       Dungeon | 100.0 | 100.0 |   0.0 |   0.0 |   0.0 |  54.0
               +-------+-------+-------+-------+-------+----------------------

Table legend:
 A = Kills in this place as a percentage of kills in entire the game.
 B = Kills by you in this place as a percentage of kills by you in the entire game.
 C = Kills by friends in this place as a percentage of kills by friends in the entire game.
 D = Other kills in this place as a percentage of other kills in the entire game.
 E = Experience gained in this place as a percentage of experience gained in the entire game.
 F = Experience gained in this place divided by the number of levels of this place that you have seen.
                   A       B       C       D       E      F
               +-------+-------+-------+-------+-------+----------------------
         Total | 100.0 | 100.0 |   N/A |   N/A | 100.0 |   3.5
       Dungeon | 100.0 | 100.0 |   N/A |   N/A | 100.0 |   3.5
               +-------+-------+-------+-------+-------+----------------------

Vault maps used:
D:1:      nzn_arrival_depleted_hourglass
D:2:      first_ration, xom_redecorated, uniq_jessica
